 Dungeon Crawl Stone Soup version 0.22-a0-824-g1ca9aab89c (webtiles) character file.

606 Htamos the Conjurer (level 7, 0/46 HPs)
             Began as a Mummy Conjurer on July 24, 2018.
             Was a Follower of Ashenzari.
             Slain by a hound (2 damage)
             ... on level 4 of the Dungeon.
             The game lasted 00:11:06 (7782 turns).

Htamos the Conjurer (Mummy Conjurer)                Turns: 7782, Time: 00:11:07

Health: 0/46       AC:  2    Str: 12    XL:     7   Next: 19%
Magic:  0/11       EV: 12    Int: 16    God:    Ashenzari [*.....]
Gold:   58         SH:  0    Dex: 12    Spells: 6/11 levels left

rFire    x . .     SeeInvis .   h - +1 dagger
rCold    + . .     Gourm    .   (no shield)
rNeg     + + +     Faith    .   a - +0 robe
rPois    ∞         Spirit   .   (no helmet)
rElec    .         Reflect  .   (no cloak)
rCorr    .         Harm     .   (no gloves)
MR       .....                  (no boots)
Stlth    ++........             (no amulet)
HPRegen  0.15/turn              (no ring)
MPRegen  0.12/turn              (no ring)

@: no status effects
A: no food or potions, fire vulnerability, cold resistance 1, negative energy
resistance 3, torment resistance, unbreathing
a: Curse Item, Scrying, Renounce Religion


You were on level 4 of the Dungeon.
You worshipped Ashenzari.
Ashenzari was aware of your devotion.
You were not hungry.

You visited 1 branch of the dungeon, and saw 5 of its levels.
You also visited: Sewer.

You collected 178 gold pieces.
You spent 120 gold pieces at shops.

Inventory:

Hand Weapons
 d - a +0 hand axe
 h - a +1 dagger (weapon)
Armour
 a - a +0 robe (worn)
 m - a +0 helmet
Wands
 l - a wand of random effects (32)
 p - a wand of flame (11)
Scrolls
 b - 2 scrolls of amnesia
 c - 4 scrolls of remove curse
 e - a scroll of enchant weapon
 f - 2 scrolls of magic mapping
 g - 4 scrolls of teleportation
 i - 3 scrolls of identify
 j - a scroll of enchant armour
 k - 3 scrolls of blinking
Potions
 n - 4 potions of flight


   Skills:
 - Level 1.5 Dodging
 - Level 1.5 Stealth
 - Level 2.6 Spellcasting
 + Level 7.3 Conjurations


You had 6 spell levels left.
You knew the following spells:

 Your Spells              Type           Power        Failure   Level  Hunger
a - Magic Dart            Conj           ####         1%          1    N/A
b - Iskenderun's Mystic   Conj           ####....     10%         4    N/A

Your spell library contained the following spells:

 Spells                   Type           Power        Failure   Level  Hunger
 Fulminant Prism          Conj/Hex       ##........   38%         4    N/A
 Dazzling Spray           Conj/Hex       ##....       13%         3    N/A
 Force Lance              Conj/Tloc      ##......     38%         4    N/A
 Searing Ray              Conj           ####..       1%          2    N/A

Dungeon Overview and Level Annotations

Branches:
Dungeon (5/15)
 Temple: D:4-7

Altars:
Ashenzari
Cheibriados
Ru
Uskayaw
The Shining One

Shops:
D:4 (*!


Innate Abilities, Weirdness & Mutations

You do not eat or drink.
Your flesh is vulnerable to fire.
You are immune to poison.
Your flesh is cold resistant. (rC+)
You are immune to negative energy. (rN+++)
You are immune to unholy pain and torment.
You can survive without breathing.


Message History

The hound bites you but does no damage. The hound bites you.
* * * LOW HITPOINT WARNING * * *
Unknown command.
Casting: Magic Dart (safe; 1% risk of failure)
Confirm with . or Enter, or press ? or * to list all spells.
Aiming: Magic Dart (safe; 1% risk of failure)
Press: ? - help, Shift-Dir - straight line, f/p - hound
Aim: a hound (heavily wounded)
The magic dart hits the hound.
The hound is almost dead.
* * * LOW MAGIC WARNING * * *
The hound bites you.
* * * LOW HITPOINT WARNING * * *
The hound pauses to sniff the ground.
The hound bites you.
* * * LOW HITPOINT WARNING * * *
You hit the hound but do no damage.
The hound is almost dead.
The hound bites you.
You die...

#........# #..#......# #........#
####.....## #........# ###
#..∩..# #........###.# #.....#
######'###...####### #.....##
#..........#.....## ######..
#.................# #.......
#.........)h......# #.......
######...##...##@.##.##########..
##.......##.>.##..#####..#%.....#
...#...............#.....#......#
...#...............#.....#......#
.%.#.....##...##..##.....#....>.#
##.####..##...######.....#.....##
##.####..##..............#.....#.
(.....#..#...............#.....#.
......#..#....############÷....##


You could see a hound.

Vanquished Creatures
  A phantom (D:4)
  A hound (D:4)
  An orc priest (D:3)
  Jessica (D:2)
  2 worker ants (D:4)
  A merfolk siren (Sewer)
  A merfolk avatar (Sewer)
  3 gnolls
  9 adders
  6 river rats
  2 oozes
  An adder skeleton (D:2)
  3 worms
  4 dart slugs (D:1)
  6 leopard geckos
  17 orcs
  8 ball pythons
  11 giant cockroaches
  11 hobgoblins
  5 jackals
  8 kobolds
  6 bats
  7 frilled lizards
  8 goblins
  31 rats
154 creatures vanquished.

Notes
Turn   | Place    | Note
-------+----------+-------------------------------------------
     0 | D:1      | Htamos the Mummy Conjurer began the quest for the Orb.
     0 | D:1      | Reached XP level 1. HP: 13/13 MP: 4/4
   358 | D:1      | Reached XP level 2. HP: 19/19 MP: 2/5
   919 | D:1      | Reached skill level 4 in Conjurations
  1079 | D:1      | Reached XP level 3. HP: 24/24 MP: 1/7
  1968 | D:2      | Found a glowing golden altar of the Shining One.
  1968 | D:2      | Found a shattered altar of Ashenzari.
  1968 | D:2      | Found a hide-covered altar of Uskayaw.
  2015 | D:2      | Became a worshipper of Ashenzari the Shackled
  2359 | D:2      | Reached XP level 4. HP: 25/30 MP: 1/8
  2428 | D:2      | Noticed Jessica
  2432 | D:2      | Killed Jessica
  2634 | D:2      | Found a snail-covered altar of Cheibriados.
  2820 | D:2      | Reached skill level 5 in Conjurations
  3465 | D:3      | Learned a level 4 spell: Iskenderun's Mystic Blast
  3471 | D:3      | Reached XP level 5. HP: 35/35 MP: 4/9
  4608 | D:3      | Found a faded altar of an unknown god.
  5083 | D:3      | Found a sacrificial altar of Ru.
  5247 | D:3      | Reached skill level 6 in Conjurations
  5331 | D:3      | Reached XP level 6. HP: 33/41 MP: 0/10
  5661 | D:4      | Found a glowing drain.
  5706 | Sewer    | Entered a sewer
  6959 | D:4      | Found Xewooneff's Assorted Antiques.
  6975 | D:4      | Bought a scroll labeled XUVATA FYPHAGH for 24 gold pieces
  6975 | D:4      | Bought a scroll labeled FEASKUCEVYKLOT for 24 gold pieces
  6975 | D:4      | Bought a scroll of remove curse for 72 gold pieces
  6998 | D:4      | Found Poijat's Distillery.
  7112 | D:4      | Reached skill level 7 in Conjurations
  7112 | D:4      | Reached XP level 7. HP: 39/46 MP: 0/11
  7222 | D:4      | Reached * piety under Ashenzari
  7297 | D:4      | Found Uniohip's Antique Weapon Boutique.
  7760 | D:5      | Entered Level 5 of the Dungeon
  7781 | D:4      | HP: 2/46 [hound (4)]
  7782 | D:4      | Slain by a hound

Vault maps used:
D:1:      moated_graveyard_arrival
D:2:      nicolae_overflow_crystal_walls, gammafunk_temple_overflow_claw,
          mrwooster_statue_mirror, uniq_jessica
D:3:      lemuel_doored_altar, chequers_ecumenical_altar_island, hex_large,
          minivault_19, fountainhead
D:4:      first_ration, serial_shops, shop_fountains, shop_fountains, shop,
          portal_sewer_entry_e
D:5:      serial_curves, eino_curves_03, eino_curves_02, uniq_menkaure,
          uniq_blork_the_orc
Sewer:    sewer_sea

Skill      XL: |  1  2  3  4  5  6 |
---------------+-------------------+-----
Conjurations   | 4 5 6 7 |  7.3
Dodging        | |  1.5
Stealth        | |  1.5
Spellcasting   | |  2.6

Action                   |  1- 3 |  4- 6 |  7- 9 || total
-------------------------+-------+-------+-------++-------
Melee: Unarmed           |    10 |       |       ||    10
       Hand axe          |     5 |       |       ||     5
       Dagger            |     6 |    45 |     1 ||    52
 Cast: Magic Dart        |   118 |   307 |    31 ||   456
Evoke: Wand              |       |     8 |     2 ||    10
  Use: Scroll            |       |     8 |       ||     8
Armor: Robe              |     6 |    21 |     9 ||    36
Dodge: Dodged            |    30 |    70 |    16 ||   116

Table legend:
 A = Spawn XP
 B = Non-spawn XP
 C = Spawn XP percentage of total XP
 D = Spawn monster count
 E = Non-spawn monster count
 F = Spawn count percentage of total count
 G = Total turns spent on level
                    A         B        C        D         E        F      G
               +---------+---------+-------+---------+---------+-------+---------
         Total |       0 |     866 |   0.0 |       0 |     154 |   0.0 |  7782
               +---------+---------+-------+---------+---------+-------+---------
           D:1 |       0 |      56 |   0.0 |       0 |      29 |   0.0 |  1504
           D:2 |       0 |     110 |   0.0 |       0 |      23 |   0.0 |  1723
           D:3 |       0 |     219 |   0.0 |       0 |      40 |   0.0 |  2326
           D:4 |       0 |     278 |   0.0 |       0 |      18 |   0.0 |  1075
           D:5 |       0 |       6 |   0.0 |       0 |       2 |   0.0 |    10
         Sewer |       0 |     197 |   0.0 |       0 |      42 |   0.0 |  1144
               +---------+---------+-------+---------+---------+-------+---------
